 Dungeon Crawl Stone Soup version 0.31-a0-426-g3a05650e59 (webtiles) character file.

Game seed: 4117988240836651144

757 CraigForest the Ruffian (level 7, 0/44 HPs)
             Began as an Octopode Shapeshifter on July 31, 2023.
             Was a Believer of the Shining One.
             Slain by Pikel
             ... wielding a +1 whip of flaming
              (5 damage)
             ... on level 6 of the Dungeon.
             The game lasted 00:17:49 (3846 turns).

CraigForest the Ruffian (Octopode Shapeshifter)     Turns: 3846, Time: 00:17:53

Health: 0/44       AC:  1    Str: 16    XL:     7   Next: 79%
Magic:  7/7        EV: 13    Int: 10    God:    the Shining One [**....]
Gold:   96         SH:  0    Dex: 13    Spells: 6/6 levels left

rFire   . .          .
                       - Unarmed
rCold   . . .        (no shield)
rNeg    + . .        (helmet currently unavailable)
rPois   .            (no amulet)
rElec   .            n - ring of see invisible
rCorr   .            (no ring)
SInv    +            (no ring)
Will    .....        (no ring)
Stlth   ++           (no ring)
HPRegen 0.27/turn    (no ring)
MPRegen 0.10/turn    (no ring)
                     (no ring)

%: no passive effects
@: beast-form, glowing
A: beast (slay +3), almost no armour, amphibious, 8 rings, camouflage 1,
gelatinous body 1, (nimble swimmer 1), tentacles, mutation resistance 1
a: Begin Untransformation, Renounce Religion, Divine Shield


You were on level 6 of the Dungeon.
You worshipped the Shining One.
The Shining One was pleased with you.
You were a hulking beast.
You visited 2 branches of the dungeon, and saw 7 of its levels.

You collected 96 gold pieces.

Inventory:

Hand Weapons
 e - a +0 dagger of flaming
 j - a +6 dagger
 m - a +0 quarterstaff
Missiles
 k - 4 atropa-tipped darts (quivered)
 u - 5 poisoned darts
Armour
 i - a +2 hat
Jewellery
 c - a ring of ice
 n - a ring of see invisible (left tentacle)
Talismans
 b - a beast talisman (active)
 g - a maw talisman
Scrolls
 o - a scroll of enchant weapon {unknown}
 r - 2 scrolls of teleportation
 v - a scroll of fear {unknown}
Potions
 a - a potion of lignification
 d - a potion of cancellation {unknown}
 f - a potion of might
 h - a potion of curing {unknown}
 l - a potion of enlightenment
 p - 2 potions of berserk rage {unknown}
 q - 2 potions of heal wounds
 s - a potion of brilliance {unknown}
 t - a potion of attraction {unknown}


   Skills:
 + Level 1.7 Fighting
 + Level 2.8 Dodging
 + Level 3.5 Stealth
 + Level 6.8 Unarmed Combat
 + Level 0.7 Invocations
 + Level 4.5 Shapeshifting


You had 6 spell levels left.
You didn't know any spells.
Your spell library contained the following spells:

 Spells                   Type           Power      Damage    Failure   Level
 Dazzling Flash           Conj/Hex       0%         N/A       75%         3
 Volatile Blastmotes      Fire/Tloc      0%         2d10      75%         3
 Starburst                Conj/Fire      0%         6d3       100%        6
 Maxwell's Capacitive Co  Air            0%         ∞         100%        8


Dungeon Overview and Level Annotations

Branches:
Dungeon (6/15)             Temple (1/1) D:4

Altars:
Ashenzari
Cheibriados
Dithmenos
Elyvilon
Fedhas
Gozag
Kikubaaqudgha
Makhleb
Okawaru
Qazlal
Uskayaw
Vehumet
Wu Jian
Xom
Yredelemnul
Zin
The Shining One

Shops:
D:1 *

Annotations:
D:6 Pikel


Innate Abilities, Weirdness & Mutations

You are a hulking beast.
Your limbs bulge with bestial killing power. (Slay +3)
You cannot wear most types of armour.
You are amphibious.
You can wear up to eight rings at the same time.
Your skin changes colour to match your surroundings (Stealth+).
Your rubbery body absorbs attacks. (AC +1, EV +1)
((You are camouflaged when in or above water. (Stealth+)))
You have tentacles for arms and can constrict up to eight enemies at once.
You are somewhat resistant to further mutation.


Message History

You constrict the lemure.
You kill the lemure!
That felt strangely unrewarding.
Pikel is no longer blind.
You bludgeon Pikel! Your grab misses Pikel.
Pikel is moderately wounded.
Pikel hits you with a +1 whip of flaming!
Pikel burns you.
You tentacle-slap Pikel but do no damage.
You grab Pikel.
Pikel is moderately wounded.
You constrict Pikel, but do no damage.
Pikel hits you with a +1 whip of flaming!
* * * LOW HITPOINT WARNING * * *
Pikel burns you.
* * * LOW HITPOINT WARNING * * *
You feel much better.
You constrict Pikel. Pikel barely misses you.
Really quaff the potion of lignification?
Okay, then.
You tentacle-slap Pikel.
Pikel is moderately wounded.
You constrict Pikel.
You tentacle-slap Pikel but do no damage.
You tentacle-slap Pikel, but do no damage.
You squeeze Pikel.
Pikel is heavily wounded.
You constrict Pikel, but do no damage.
Pikel hits you with a +1 whip of flaming!
Pikel burns you.
You tentacle-slap Pikel. You squeeze Pikel.
Pikel is heavily wounded.
You constrict Pikel.
Pikel hits you with a +1 whip of flaming.
Pikel burns you.
You tentacle-slap Pikel. x2
Pikel is severely wounded.
You constrict Pikel.
Pikel hits you with a +1 whip of flaming!
* * * LOW HITPOINT WARNING * * *
Pikel burns you.
You die...

≈≈..# #.. ### ≈≈...
..#.. ..# ≈≈.# #.#.# #.#
≈≈.# #.#.# #.# ≈≈.#
#.#.## #.# ≈..#
#....###.## ...#
#.#.###...####.#.. #
#.........hK555...
#######.#.#.#....###.#..
..........#......#
#.##.####.######.#
#.##.# #............
#.##.# #.####......
.....# #># #.###...
#..### #.# #.# .## ##.#
#.# #.# .#


You could see Pikel and 3 lemures.

Vanquished Creatures
  2 ogres
  A lemure (D:6)
  2 scorpions (D:5)
  A howler monkey (D:5)
  4 hounds
  2 orc wizards (D:5)
  An iguana (D:5)
  8 adders
  A shadow imp (D:6)
  2 white imps (D:5)
  3 ufetubi
  3 dart slugs
  18 orcs
  12 endoplasms
  3 giant cockroaches
  6 goblins
  7 hobgoblins
  4 kobolds
  4 quokkas
  7 ball pythons
  6 bats
  5 frilled lizards
  11 rats
113 creatures vanquished.

Notes
Turn   | Place    | Note
-------+----------+-------------------------------------------
     0 | D:1      | CraigForest the Octopode Shapeshifter began the quest for
                  | the Orb.
     0 | D:1      | Reached XP level 1. HP: 13/13 MP: 1/1
    89 | D:1      | Reached XP level 2. HP: 17/18 MP: 2/2
   400 | D:1      | Found a faded altar of an unknown god.
   403 | D:1      | Prayed at the altar of an unknown god.
   403 | D:1      | Became a worshipper of the Shining One
   403 | D:1      | Reached * piety under the Shining One
   451 | D:1      | Reached XP level 3. HP: 20/23 MP: 3/3
   620 | D:1      | Found Kexzeygy's General Store.
   623 | D:1      | Reached skill level 1 in Stealth
   901 | D:2      | Reached skill level 4 in Unarmed Combat
   957 | D:2      | Reached XP level 4. HP: 28/28 MP: 4/4
  1588 | D:3      | Found a broken altar of Ashenzari.
  1875 | D:4      | Found a staircase to the Ecumenical Temple.
  1884 | Temple   | Entered the Ecumenical Temple
  1959 | D:4      | Gained mutation: You are somewhat resistant to further
                  | mutation. [potion of mutation]
  2051 | D:4      | Noticed an ogre
  2058 | D:4      | Killed an ogre
  2059 | D:4      | Reached skill level 5 in Unarmed Combat
  2059 | D:4      | Reached XP level 5. HP: 10/33 MP: 1/5
  2496 | D:4      | Reached XP level 6. HP: 37/38 MP: 6/6
  2620 | D:5      | Entered Level 5 of the Dungeon
  3044 | D:5      | Reached ** piety under the Shining One
  3123 | D:5      | Reached XP level 7. HP: 39/43 MP: 7/7
  3177 | D:5      | Reached skill level 6 in Unarmed Combat
  3801 | D:6      | Found a glowing silver altar of Zin.
  3832 | D:6      | Noticed Pikel
  3846 | D:6      | Slain by Pikel

Illustrated notes

Levels and vault maps discovered:
D:1:      mrwooster_arrival_statue_3, layout_loops_ring, serial_shops,
          shop_statue, chequers_ecumenical_altar_grove,
          dreamdust_mushroom_princess
D:2:      layout_basic
D:3:      layout_rooms, lemuel_doored_altar, serial_aquarium,
          aquarium_bridge_long_joined [aquarium_subvault_bridge,
          aquarium_subvault_bridge, aquarium_subvault_wall,
          aquarium_subvault_window, aquarium_subvault_window,
          aquarium_subvault_window], aquarium_bridge_square
          [aquarium_subvault_wall, aquarium_subvault_bridge,
          aquarium_subvault_wall, aquarium_subvault_bridge],
          aquarium_window_fake, aquarium_window_2, aquarium_window_2,
          aquarium_view_2a, aquarium_pool_side
D:4:      layout_loops_ring, temple_pool_b
D:5:      layout_gridville, st_stairs_4
D:6:      layout_loops_ring, mainiacjoe_overflow_catwalk, enter_ossuary_2,
          uniq_pikel
Temple:   hellmonk_temple_two_chambers

Skill      XL: |  1  2  3  4  5  6  7 |
---------------+----------------------+-----
Stealth        | 1 2 3 |  3.5
Unarmed Combat | 4 5 6 |  6.8
Shapeshifting  | 4 |  4.5
Fighting       | |  1.7
Dodging        | |  2.8
Invocations    | |  0.7

Action                     |  1- 3 |  4- 6 |  7- 9 || total
---------------------------+-------+-------+-------++-------
  Melee: Unarmed           |    62 |    85 |    45 ||   192
         Constrict         |    15 |    27 |    15 ||    57
         Tentacles         |    11 |    20 |    17 ||    48
         Punch             |     2 |     5 |     6 ||    13
  Throw: Dart              |       |       |     1 ||     1
 Invoke: Divine Shield     |       |     1 |     1 ||     2
    Use: Scroll            |     1 |    10 |       ||    11
         Potion            |       |     1 |     1 ||     2
   Stab: Sleeping          |     5 |       |       ||     5
 Armour: Skin              |     5 |     1 |     1 ||     7
  Dodge: Dodged            |    24 |    37 |    18 ||    79
  Block: Other             |       |     1 |       ||     1
   Form: Beast             |     1 |       |       ||     1
         Maw               |     1 |       |       ||     1

Table legend: (Time is in decaauts)
 A = Elapsed time spent in this place.
 B = Non-inter-level travel time spent in this place.
 C = Inter-level travel time spent in this place.
 D = Time resting spent in this place.
 E = Time spent auto-exploring this place.
 F = Levels seen in this place.
 G = Mean time per level.
                   A        B        C        D        E       F      G
               +--------+--------+--------+--------+--------+-----+--------+
         Total |   3827 |   3284 |    543 |      0 |   2628 |   7 |  546.7 |
       Dungeon |   3807 |   3282 |    525 |      0 |   2628 |   6 |  634.5 |
        Temple |     19 |      1 |     18 |      0 |      0 |   1 |   19.0 |
               +--------+--------+--------+--------+--------+-----+--------+

Top non-repeatable levels by time:
     D:5: 1049 daAuts
     D:1: 786 daAuts
     D:4: 727 daAuts
     D:3: 570 daAuts
     D:2: 506 daAuts
     D:6: 168 daAuts
  Temple: 19 daAuts
